AoeStats
← RagnarLothbrok

Arena

509854716Analyzed
4v4 RM · 3d ago on Sep 28, 2026· 47m 9s· 8 players
Game mode
Random Map
Map size
Large (8 player)
Population
200
Speed
Normal
Resources
Standard
Victory
Conquest
Starting age
Dark Age
Ending age
Imperial Age
RankedLock teamsTeams togetherTeam positionsShared explorationLock speedFull tech treeHidden civsTurbo modeCheats
Victory
Defeat
🇻🇪 Mongols · Venezuela
1355
+13
🇻🇳 Turks · Vietnam
1343
+14
🇹🇷 Slavs · Türkiye
1292
+16
🇻🇳 Saracens · Vietnam
1257
+18
🇷🇺 Cumans · Russia
1428
-20
🇻🇳 Wei · Vietnam
1333
-17
🇺🇸 Chinese · United States
1295
-15
🇻🇳 Varangians · Vietnam
1117
-9
RagnarLothbrok
10:37 Feudal Age
14:52 Castle Age
12:45 Horse Collar
12:51 Double-Bit Axe
15:49 Bow Saw
15:40 Heavy Plow
20:14 Fletching
23:06 Bodkin Arrow
24:02 Devotion
24:40 Wheelbarrow
28:11 Imperial Age
26:01 Padded Archer Armor
26:35 Stone Mining
26:36 Gold Mining
28:37 Ballistics
28:46 Bloodlines
29:17 Conscription
29:18 Husbandry
30:51 Chemistry
31:22 Bracer
31:18 Capped Ram
31:46 Loom
31:46 Town Watch
32:56 Leather Archer Armor
35:00 Parthian Tactics
35:12 Thumb Ring
35:47 Murder Holes
36:04 Masonry
35:55 Elite Mangudai
36:44 Siege Ram
38:12 Scale Barding Armor
38:18 Forging
37:54 Heavy Camel Rider
39:56 Chain Barding Armor
42:58 Hoardings
42:31 Siege Engineers
43:27 Iron Casting
43:13 Gold Mining
45:12 Stone Shaft Mining
45:12 Gold Shaft Mining
45:37 Drill
46:11 Hand Cart
45:56 Town Patrol
MOON_CAT2025
C42
11:10 Feudal Age
12:03 Double-Bit Axe
11:58 Horse Collar
15:12 Castle Age
16:34 Wheelbarrow
16:33 Bow Saw
16:51 Heavy Plow
21:31 Gold Mining
22:40 Town Watch
22:43 Loom
23:04 Stone Mining
28:56 Hand Cart
33:19 Imperial Age
31:34 Husbandry
31:45 Bloodlines
31:40 Detinets
32:24 Scale Barding Armor
34:03 Gold Shaft Mining
33:59 Ballistics
33:58 Forging
35:05 Two-Man Saw
34:36 Crop Rotation
36:00 Conscription
36:05 Chain Barding Armor
36:49 Chemistry
36:05 Fortified Wall
36:20 Heavy Scorpion
37:04 Murder Holes
37:22 Siege Engineers
38:15 Iron Casting
37:41 Elite Boyar
39:49 Plate Barding Armor
39:33 Masonry
39:59 Hoardings
40:52 Blast Furnace
Gạo
1:24 Loom
I ONLY MAKE TRADE CARTS
Watermelon
kw3dsky
10:00 Feudal Age
13:42 Loom
16:23 Castle Age
14:33 Double-Bit Axe
15:46 Gold Mining
15:50 Stone Mining
15:44 Horse Collar
20:23 Squires
24:59 Arson
26:51 Scale Mail Armor
27:42 Forging
27:50 Chain Mail Armor
31:03 Fletching
31:25 Forging
31:02 Gambesons
34:01 Iron Casting
42:44 Imperial Age
41:49 Gold Mining
43:39 Elite Varangian Guard
Phu Thuy
5:10 Loom
11:06 Feudal Age
12:29 Wheelbarrow
13:03 Double-Bit Axe
15:27 Castle Age
13:15 Double-Bit Axe
13:24 Horse Collar
14:04 Gold Mining
22:20 Hand Cart
23:46 Heavy Plow
23:56 Bow Saw
24:18 Town Watch
25:08 Stone Mining
28:49 Imperial Age
26:46 Scale Barding Armor
28:08 Chain Barding Armor
28:07 Town Patrol
28:47 Gold Shaft Mining
28:52 Stone Shaft Mining
29:18 Forging
30:16 Crop Rotation
30:11 Conscription
30:38 Iron Casting
30:20 Fletching
31:34 Chemistry
32:31 Blast Furnace
32:02 Ming Guang Armor
31:45 Treadmill Crane
32:27 Ballistics
32:04 Bodkin Arrow
32:52 Elite Tiger Cavalry
34:55 Hoardings
34:46 Masonry
35:05 Bloodlines
34:56 Husbandry
36:36 Scale Mail Armor
36:37 Bracer
37:34 Chain Mail Armor
37:22 Padded Archer Armor
36:57 Pikeman
37:37 Squires
37:37 Murder Holes
37:45 Tuntian
39:19 Leather Archer Armor
38:30 Halberdier
39:23 Fortified Wall
40:56 Ring Archer Armor
47:33 Parthian Tactics
Connection lost

Rejoining the realm…

Still unreachable

The connection could not be restored.

Session expired

The server has moved on; the page needs a fresh start.